Map: Tête de pont EC (Void)

Players

LexLuthor

  • Race: Zerg Zerg
  • League: Gold

AgCl - Winner!

  • Race: Protoss Protoss
  • League: Gold

VOD

Have the link to the VOD?

Description

Time

  • Played on: July 18, 2015, 1:41 a.m.
  • Length: 8:14
Show
View Real Time Build Order
Export as new Build Order

LexLuthor Zerg 

Build Orders: Hatch First 

Get SALT Encoding   

  12  0:01  Drone  
  13  0:14  Overlord  
  13  0:17  Drone  
  13  0:20  Extractor  
  13  0:23  Drone  
  15  0:32  Drone  
  16  0:36  Drone  
  17  0:53  Hatchery  
  17  0:56  Drone  
  17  0:59  Drone  
  18  1:09  Drone  
  19  1:16  Spawning Pool  
  18  1:19  Extractor  
  18  1:20  Drone  
  18  1:30  Drone  
  19  1:41  Drone  
  20  1:53  Overlord  
  20  2:04  Queen  
  20  2:05  Queen  
  24  2:08  Overlord  
  24  2:12  Drone  
  24  2:13  Zergling x2  
  26  2:22  Spine Crawler  
  25  2:24  Zergling x2  
  25  2:26  Zergling x2  
  27  2:30  Zergling x2  
  27  2:34  Metabolic Boost  
  28  2:37  Zergling x2  
  29  2:52  Zergling x2  
  29  2:53  Zergling x2  
  31  3:04  Queen x2  
  35  3:06  Drone x2  
  35  3:07  Drone  
  35  3:10  Extractor  
  37  3:19  Drone x4  
  41  3:29  Overlord  
  41  3:48  Hatchery  
  40  4:08  Zergling x12  
  40  4:09  Zergling x4  
  49  4:25  Roach Warren  
  45  4:32  Drone x3  
  45  4:33  Drone x2  
  45  4:34  Spore Crawler  
  49  4:43  Spore Crawler  
  48  4:53  Drone x2  
  48  4:54  Drone x2  
  48  4:57  Overlord  
  52  5:09  Drone x2  
  52  5:10  Drone x2  
  56  5:16  Lair  
  55  5:35  Drone x4  
  59  5:38  Extractor  
  59  5:39  Drone x3  
  59  5:40  Drone x2  
  61  6:00  Overlord x3  
  61  6:09  Drone  
  61  6:10  Drone x3  
  65  6:12  Overlord x3  
  65  6:17  Hydralisk Den  
  64  6:20  Drone x4  
  64  6:21  Drone x2  
  67  6:56  Hydralisk x9  
  67  6:57  Hydralisk x3  
  86  7:08  Hydralisk x2  
  86  7:09  Hydralisk x3  
  88  7:19  Hydralisk x4  
  90  7:27  Hydralisk x2  
  90  7:28  Hydralisk  
  82  7:37  Hydralisk x3  
  82  7:43  Hydralisk  
  76  7:50  Hydralisk x3  
Show
View Real Time Build Order
Export as new Build Order

AgCl Protoss - Winner!

Build Orders: Oracle Opening, Carrier Rush 

Get SALT Encoding   

  12  0:17  Pylon  
  12  0:18  Probe  
  13  0:28  Assimilator  
  13  0:30  Probe  
  14  0:44  Probe (Chrono Boost)  
  14  0:46  Gateway  
  15  0:56  Probe (Chrono Boost)  
  16  1:03  Probe (Chrono Boost)  
  17  1:07  Assimilator  
  17  1:13  Probe (Chrono Boost)  
  19  1:26  Probe (Chrono Boost), Pylon  
  20  1:33  Probe (Chrono Boost), Zealot  
  22  1:40  Cybernetics Core  
  22  1:44  Probe (Chrono Boost)  
  24  1:55  Probe (Chrono Boost)  
  24  2:01  Probe  
  25  2:13  Probe  
  26  2:25  Probe  
  27  2:31  Stargate  
  27  2:38  Probe  
  27  2:40  Nexus  
  27  2:41  Warp Gate (Chrono Boost)  
  28  2:51  Probe  
  29  3:03  Probe  
  30  3:06  Pylon  
  30  3:15  Pylon  
  30  3:24  Oracle (Chrono Boost)  
  30  3:26  Fleet Beacon  
  33  3:29  Probe  
  34  3:41  Probe  
  35  3:52  Carrier (Chrono Boost)  
  35  3:54  Probe (Chrono Boost)  
  36  3:56  Probe (Chrono Boost)  
  36  4:06  Probe (Chrono Boost)  
  36  4:09  Probe (Chrono Boost)  
  38  4:14  Mothership Core (Chrono Boost)  
  46  4:17  Probe (Chrono Boost)  
  47  4:29  Probe (Chrono Boost)  
  45  4:32  Assimilator  
  45  4:35  Assimilator  
  45  4:38  Probe x2 (Chrono Boost)  
  47  4:42  Graviton Catapult (Chrono Boost)  
  47  4:45  Probe (Chrono Boost)  
  48  4:48  Pylon  
  48  4:52  Probe (Chrono Boost)  
  49  4:53  Zealot  
  49  4:56  Probe (Chrono Boost)  
  53  5:00  Probe (Chrono Boost)  
  53  5:02  Probe (Chrono Boost)  
  54  5:07  Pylon  
  54  5:10  Probe  
  54  5:11  Protoss Air Weapons Level 1 (Chrono Boost)  
  56  5:14  Probe  
  56  5:20  Carrier (Chrono Boost)  
  56  5:23  Probe  
  56  5:25  Gateway  
  56  5:26  Gateway  
  56  5:27  Gateway  
  55  5:29  Probe  
  55  5:30  Sentry  
  55  5:35  Probe  
  59  5:41  Probe  
  66  5:48  Gateway, Pylon  
  66  5:57  Forge  
  68  5:59  Stargate  
  68  6:00  Probe  
  68  6:01  Probe  
  68  6:08  Carrier (Chrono Boost)  
  68  6:20  Pylon  
  68  6:32  Probe, Pylon  
  75  6:33  Probe  
  75  6:38  Carrier  
  76  6:42  Pylon  
  76  6:44  Probe  
  73  7:03  Pylon  
  79  7:15  Mothership Core (Chrono Boost)  
  79  7:19  Photon Cannon  
  79  7:26  Adept x3  
  79  7:28  Adept  
  87  7:30  Nexus, Pylon  
  87  7:32  Pylon  
  87  7:55  Adept x4  
Tags
 
Add a new tag
Caveats
  • Supply blocks, unpowered buildings, or Contaminate may cause inaccurate times.
  • Supply counts are checked every 10 seconds.